 Dungeon Crawl Stone Soup version 0.30-a0-591-g3c58d2bc28 (webtiles) character file.

Game seed: 4670115478281932868

24136 Oxelix the Unseen (level 12, -7/58 HPs)
             Began as a Spriggan Brigand on Jan 5, 2023.
             Was a Believer of Ashenzari.
             Mangled by a wolf spider simulacrum (21 damage)
             ... in a Gauntlet.
             The game lasted 00:51:22 (12876 turns).

Oxelix the Unseen (Spriggan Brigand)               Turns: 12876, Time: 00:51:22

Health: -7/58      AC: 11    Str:  7    XL:     12   Next: 78%
Magic:  13/13      EV: 25    Int: 14    God:    Ashenzari [**....]
Gold:   895        SH:  0    Dex: 20    Spells: 11/11 levels left

rFire   . . .      SeeInvis +    G - +3 short sword of the Fated Visionary {venom, Range, Self} (curse)
rCold   . . .      Faith    .    (no shield)
rNeg    . . .      Spirit   .    n - +0 troll leather armour
rPois   .          Reflect  .    R - +2 hat "Ensconced Ordeal" {Stlth+, Cun, Fort} (curse)
rElec   .          Harm     .    c - +0 cloak of Cremastomancy {Self, Fort} (curse)
rCorr   .          Rampage  .    (gloves unavailable)
Will    ++...      NoTele   +    (boots unavailable)
Stlth   +++++++++                x - amulet of regeneration
HPRegen 1.89/turn                J - +4 ring of slaying
MPRegen 0.13/turn                S - +4 ring of protection

@: very quick
A: very small, no large weapons, unfitting armour, see invisible, speed 3
a: Renounce Religion, Curse Item, Shatter the Chains


You were in a Gauntlet.
You worshipped Ashenzari.
Ashenzari was pleased with you.
You visited 2 branches of the dungeon, and saw 14 of its levels.
You also visited: Gauntlet.

You collected 1065 gold pieces.
You spent 170 gold pieces at shops.

Inventory:

Hand Weapons
 a - a +2 dagger
 C - a +0 shortbow
 G - the cursed +3 short sword of the Fated Visionary (weapon) {venom, Range, Self}
   (You took it off a kobold on level 4 of the Dungeon)

   It has a curse which improves the following skills: Ranged Combat: Ranged
   Weapons and Throwing.
   Introspection: Fighting and Spellcasting.
Missiles
 E - 13 poisoned darts
 P - 5 boomerangs (quivered)
 W - 5 curare-tipped darts
Armour
 c - the cursed +0 cloak of Cremastomancy (worn) {Self, Fort}

   It has a curse which improves the following skills: Introspection: Fighting
   and Spellcasting.
   Fortitude: Armour and Shields.
 l - a +2 robe
 n - a +0 troll leather armour (worn)
 M - +0 acid dragon scales
 R - the cursed +2 hat "Ensconced Ordeal" (worn) {Stlth+, Cun, Fort}
   (You took it off Gastronok on level 11 of the Dungeon)

   It has a curse which improves the following skills: Cunning: Dodging and
   Stealth.
   Fortitude: Armour and Shields.
Jewellery
 e - a ring of willpower
 q - a ring of magical power
 u - an amulet of reflection
 x - an amulet of regeneration (around neck)
 I - an amulet of guardian spirit
 J - a +4 ring of slaying (left hand)
 K - an amulet of magic regeneration
 O - a ring of poison resistance
 S - a +4 ring of protection (right hand)
 V - a ring of fire
Wands
 k - a wand of light (31)
 X - a wand of charming (6)
 Y - a wand of mindburst (9)
 Z - a wand of roots (9)
Scrolls
 b - 4 scrolls of torment
 g - 2 scrolls of fear
 i - a scroll of enchant armour
 p - 2 scrolls of poison
 r - 6 scrolls of teleportation
 v - 2 scrolls of fog
 w - 11 scrolls of identify
 y - 2 scrolls of amnesia
 A - 2 scrolls of immolation
 H - 3 scrolls of noise
 N - a scroll of silence
 U - 2 scrolls of magic mapping
Potions
 d - a potion of magic
 f - 2 potions of brilliance
 h - 15 potions of curing
 j - a potion of might
 m - a potion of resistance
 o - 4 potions of mutation
 s - 2 potions of degeneration
 t - 2 potions of attraction
 z - a potion of ambrosia
 Q - 2 potions of heal wounds
Miscellaneous
 B - a phantom mirror


   Skills:
 - Level 2.4(4.0) Fighting
 - Level 10.8 Short Blades
 + Level 11.9(13.1) Throwing
 - Level 10.1(11.3) Dodging
 * Level 20.9(21.9) Stealth


You had 11 spell levels left.
You didn't know any spells.
Your spell library contained the following spells:

 Spells                   Type           Power      Damage    Failure   Level
 Apportation              Tloc           0%         N/A       38%         1
 Freeze                   Ice            0%         1d3       38%         1
 Kiss of Death            Conj/Necr      0%         2d5       38%         1
 Necrotise                Necr           0%         1d4       38%         1
 Summon Small Mammal      Summ           0%         N/A       38%         1
 Confusing Touch          Hex            0%         N/A       77%         3
 Frozen Ramparts          Ice            0%         1d1       77%         3
 Hailstorm                Conj/Ice       0%         3d3       77%         3
 Portal Projectile        Hex/Tloc       0%         N/A       77%         3
 Tukima's Dance           Hex            0%         N/A       77%         3
 Cause Fear               Hex            0%         N/A       99%         4
 Dispel Undead            Necr           0%         3d6       99%         4
 Ice Form                 Ice/Tmut       0%         N/A       99%         4
 Blade Hands              Tmut           0%         N/A       100%        5
 Simulacrum               Ice/Necr       0%         N/A       100%        6
 Dragon Form              Tmut           0%         N/A       100%        7
 Dragon's Call            Summ           0%         N/A       100%        9


Dungeon Overview and Level Annotations

Branches:
Dungeon (13/15)            Temple (1/1) D:6            Lair (0/5) D:10
    Orc (0/2) D:11        Gauntlet (1/1)
 Vaults: D:13-14

Altars:
Ashenzari
Cheibriados
Dithmenos
Elyvilon
Fedhas
Gozag
Hepliaklqana
Kikubaaqudgha
Makhleb
Nemelex Xobeh
Okawaru
Qazlal
Ru
Sif Muna
Trog
Uskayaw
Vehumet
Wu Jian
Xom
Yredelemnul
Zin
The Shining One

Shops:
D:3 !   D:6 *   D:12 (   D:13 [*!

Portals:
Trove: D:10 (give 16 potions of curing)

Annotations:
Gauntlet 6 transporters, 1 runed translucent door


Innate Abilities, Weirdness & Mutations

You are very small and have problems with some larger weapons.
You are too small for most types of armour.
You have supernaturally acute eyesight. (SInv)
You cover ground extremely quickly. (Speed+++)


Message History

The centaur warrior simulacrum barely misses you.
You hit the wolf spider simulacrum.
The wolf spider simulacrum is lightly damaged.
The wolf spider simulacrum completely misses you.
The wolf spider simulacrum bites you but does no damage.
You barely miss the wolf spider simulacrum.
The wolf spider simulacrum is lightly damaged.
The centaur warrior simulacrum completely misses you. x2
The wolf spider simulacrum misses you.
The wolf spider simulacrum completely misses you.
You puncture the wolf spider simulacrum!
The wolf spider simulacrum is moderately damaged.
The centaur warrior simulacrum completely misses you.
The centaur warrior simulacrum barely misses you.
You puncture the wolf spider simulacrum!
The wolf spider simulacrum is heavily damaged.
The wolf spider simulacrum hits you but does no damage.
The wolf spider simulacrum closely misses you.
You barely miss the wolf spider simulacrum.
The wolf spider simulacrum is heavily damaged.
The centaur warrior simulacrum closely misses you.
The centaur warrior simulacrum misses you.
The wolf spider simulacrum hits you. The wolf spider simulacrum freezes you!
The wolf spider simulacrum completely misses you.
You hit the wolf spider simulacrum.
The wolf spider simulacrum is severely damaged.
The centaur warrior simulacrum misses you.
The centaur warrior simulacrum kicks you but does no damage.
You puncture the wolf spider simulacrum!
The wolf spider simulacrum is almost destroyed.
The wolf spider simulacrum completely misses you.
The wolf spider simulacrum bites you! The wolf spider simulacrum freezes you!
You hit the wolf spider simulacrum.
The wolf spider simulacrum is almost destroyed.
The centaur warrior simulacrum hits you but does no damage.
The centaur warrior simulacrum closely misses you.
The wolf spider simulacrum hits you!
* * * LOW HITPOINT WARNING * * *
The wolf spider simulacrum freezes you!!
You die...

, , * ###≈#≈ ≈#§#≈#* .
..... .....,≈ , .. ....
....,.# ##.*### ### .§§
!#.# [.©(! #..#
#.#+#.###.#.#.#...#.#§.§
#.#.#...#[#.#.###...#..##
#.#.###.#.#.#.#Z@.#.#..≈#
#.#...#.#Y#.#..Z###.#..##
#.###.#.#Y#.#.#...#.#..≈#
#.#©..#...#.#Z###...#§.##
#####################.§§#
......©.........©.#...##
......©...........#...≈#
###################..###
.#...[©....#.........≈#


You could see a dire elephant, an elephant, a wolf spider simulacrum and a
centaur warrior simulacrum.

Vanquished Creatures
  Gastronok (D:11)
  2 boulder beetles (D:11)
  4 two-headed ogres
  Sonja (D:11)
  Pikel (D:4)
  A wizard (Gauntlet)
  2 ugly things
  A manticore (D:11)
  2 cyclopes
  An elephant (D:10)
  Maurice (D:9)
  A torpor snail (Gauntlet)
  A gargoyle (D:12)
  Maggie (D:6)
  Psyche (D:12)
  4 unseen horrors
  2 kobold demonologists (D:11)
  2 guardian mummies (D:10)
  A troll (D:13)
  A hornet (D:10)
  Grinder (D:6)
  3 shadows
  2 wraiths
  A vampire (D:13)
  32 yaks
  A wyvern (D:6)
  5 slime creatures (D:12)
  2 basilisks (D:10)
  5 vampire mosquitoes
  A warg (D:11)
  A water moccasin (D:6)
  An ice beast (D:6)
  6 orc warriors
  2 sky beasts (D:7)
  A black bear (D:5)
  An ogre (D:7)
  2 centaurs
  3 phantoms
  A kobold brigand (D:9)
  Blork the orc (D:5)
  2 bullfrogs (D:7)
  A gnoll sergeant (D:9)
  5 scorpions
  A necrophage (D:4)
  3 wights (D:8)
  11 killer bees
  5 howler monkeys
  An electric eel (D:9)
  2 jellies
  6 orc priests
  3 hounds
  2 gnoll boudas
  Ijyb (D:5)
  6 iguanas
  12 orc wizards
  15 gnolls
  5 adders
  3 shadow imps
  A white imp (D:6)
  3 ufetubi
  2 worms
  2 dart slugs
  37 orcs
  4 bats
  6 endoplasms
  2 giant cockroaches
  10 goblins
  5 hobgoblins
  3 jackals (D:5)
  14 kobolds
  2 quokkas
  10 ball pythons
  3 frilled lizards
  4 rats
  A spectral hobgoblin (D:7)
  A toadstool (D:2)
297 creatures vanquished.

Vanquished Creatures (others)
  A demonic plant (Gauntlet)
  6 plants
  3 toadstools (D:2)
10 creatures vanquished.

Grand Total: 307 creatures vanquished

Notes
Turn   | Place    | Note
-------+----------+-------------------------------------------
     0 | D:1      | Oxelix the Spriggan Brigand began the quest for the Orb.
     0 | D:1      | Reached XP level 1. HP: 10/10 MP: 2/2
    20 | D:1      | Reached skill level 6 in Stealth
   163 | D:1      | Reached XP level 2. HP: 12/14 MP: 3/3
   236 | D:1      | Found a faded altar of an unknown god.
   460 | D:1      | Reached skill level 7 in Stealth
   468 | D:1      | You fall into a shaft and drop 1 floor!
   501 | D:2      | Reached XP level 3. HP: 18/18 MP: 4/4
   734 | D:2      | Found a bloodstained altar of Trog.
  2374 | D:3      | Reached XP level 4. HP: 21/22 MP: 5/5
  2491 | D:3      | Reached skill level 8 in Stealth
  2492 | D:3      | Found an iron altar of Okawaru.
  2539 | D:3      | Found Reelol's Distillery.
  2543 | D:3      | Bought a potion of curing for 30 gold pieces
  2543 | D:3      | Bought a potion of berserk rage for 50 gold pieces
  2799 | D:4      | Noticed a centaur
  2801 | D:4      | Killed a centaur
  2802 | D:4      | Reached XP level 5. HP: 25/25 MP: 6/6
  3012 | D:4      | Noticed a lemure
  3013 | D:4      | Noticed Pikel
  3016 | D:4      | Noticed a lemure
  3016 | D:4      | Noticed a lemure
  3021 | D:4      | Noticed a lemure
  3078 | D:4      | Killed Pikel
  3079 | D:4      | Reached skill level 5 in Short Blades
  3079 | D:4      | Reached skill level 11 in Stealth
  3079 | D:4      | Reached XP level 6. HP: 23/30 MP: 7/7
  3079 | D:4      | Reached XP level 7. HP: 25/33 MP: 8/8
  3441 | D:4      | Reached skill level 12 in Stealth
  4174 | D:5      | Entered Level 5 of the Dungeon
  4174 | D:5      | Noticed Ijyb
  4233 | D:5      | Reached XP level 8. HP: 37/37 MP: 9/9
  4606 | D:5      | Reached skill level 5 in Dodging
  5037 | D:5      | Noticed Blork the orc
  5043 | D:5      | Killed Blork the orc
  5408 | D:5      | Killed Ijyb
  5521 | D:6      | Noticed Grinder
  5528 | D:6      | Killed Grinder
  5560 | D:6      | Found an opulent altar of Gozag.
  5577 | D:6      | Reached XP level 9. HP: 41/41 MP: 10/10
  5655 | D:6      | Noticed Maggie
  5679 | D:6      | Killed Maggie
  5800 | D:6      | Identified the +6 chain mail of Agoraphobia {Regen+}
  5896 | D:6      | Found a staircase to the Ecumenical Temple.
  5902 | Temple   | Entered the Ecumenical Temple
  5902 | Temple   | Found a transporter.
  5902 | Temple   | Found a transporter.
  5904 | Temple   | Found a transporter.
  5904 | Temple   | Found a transporter.
  5922 | Temple   | Became a worshipper of Ashenzari the Shackled
  5999 | D:6      | Found a stormy altar of Qazlal.
  6000 | D:6      | Found a hide-covered altar of Uskayaw.
  6046 | D:6      | Reached skill level 13 in Stealth
  6075 | D:6      | Found Doriuduh's Neck Hole.
  6430 | D:7      | Reached skill level 10 in Dodging
  6932 | D:7      | Reached skill level 5 in Throwing
  7094 | D:7      | Found a hazy altar of Hepliaklqana.
  7178 | D:8      | Noticed a two-headed ogre
  7184 | D:8      | Killed a two-headed ogre
  7185 | D:8      | Reached XP level 10. HP: 46/46 MP: 11/11
  7615 | D:8      | Found a shimmering blue altar of Sif Muna.
  7915 | D:8      | Found a sacrificial altar of Ru.
  8026 | D:8      | Reached skill level 14 in Stealth
  8346 | D:9      | Reached skill level 10 in Throwing
  8452 | D:9      | Noticed a two-headed ogre
  8458 | D:9      | Killed a two-headed ogre
  8462 | D:9      | Noticed a two-headed ogre
  8599 | D:9      | Killed a two-headed ogre
  8600 | D:9      | Reached XP level 11. HP: 49/49 MP: 12/12
  8718 | D:9      | Noticed Maurice
  8723 | D:9      | Killed Maurice
  8770 | D:9      | Reached * piety under Ashenzari
  9074 | D:9      | Reached skill level 15 in Stealth
  9243 | D:9      | Found a sparkling altar of Nemelex Xobeh.
  9510 | D:10     | Entered Level 10 of the Dungeon
  9515 | D:10     | Found a radiant altar of Vehumet.
  9948 | D:10     | Found a staircase to the Lair.
 10314 | D:10     | Found a portal to a secret trove of treasure.
 10594 | D:11     | Reached skill level 16 in Stealth
 10721 | D:11     | Noticed Gastronok
 10773 | D:11     | Killed Gastronok
 10839 | D:11     | Reached skill level 17 in Stealth
 10892 | D:11     | Noticed a boulder beetle
 10896 | D:11     | Killed a boulder beetle
 10907 | D:11     | Noticed a red ugly thing
 10914 | D:11     | Killed a red ugly thing
 10949 | D:11     | Reached XP level 12. HP: 56/56 MP: 13/13
 10959 | D:11     | Noticed Sonja
 10985 | D:11     | Killed Sonja
 10986 | D:11     | Reached skill level 18 in Stealth
 11346 | D:11     | Found a staircase to the Orcish Mines.
 11407 | D:11     | Noticed a boulder beetle
 11411 | D:11     | Killed a boulder beetle
 11580 | D:12     | Noticed a two-headed ogre
 11583 | D:12     | Killed a two-headed ogre
 11584 | D:12     | Reached skill level 10 in Short Blades
 11584 | D:12     | Reached skill level 19 in Stealth
 11689 | D:12     | Reached ** piety under Ashenzari
 11697 | D:12     | Found Piaffur's Weapon Boutique.
 11700 | D:12     | Noticed Psyche
 11707 | D:12     | Killed Psyche
 12139 | D:12     | Reached skill level 20 in Stealth
 12311 | D:13     | Found Duomiag's Assorted Antiques.
 12388 | D:13     | Found Ysizolee's Armour Shoppe.
 12426 | D:13     | Found Uzuny's Distillery.
 12433 | D:13     | Bought a potion of curing for 45 gold pieces
 12433 | D:13     | Bought a potion of curing for 45 gold pieces
 12586 | D:13     | Found a gate leading to a gauntlet.
 12615 | Gauntlet | Entered a Gauntlet
 12615 | Gauntlet | Found a transporter.
 12615 | Gauntlet | Found a transporter.
 12632 | Gauntlet | Found a transporter.
 12635 | Gauntlet | Found a transporter.
 12635 | Gauntlet | Found a transporter.
 12638 | Gauntlet | Found a transporter.
 12710 | Gauntlet | Found a transporter.
 12730 | Gauntlet | Found a transporter.
 12730 | Gauntlet | Found a transporter.
 12730 | Gauntlet | Found a transporter.
 12782 | Gauntlet | Noticed a dire elephant
 12787 | Gauntlet | Found a transporter.
 12814 | Gauntlet | Noticed a dire elephant
 12825 | Gauntlet | Found a runed translucent door.
 12866 | Gauntlet | Identified the +1 cloak of Xutim {Harm rN+}
 12876 | Gauntlet | Mangled by a wolf spider simulacrum

Illustrated notes

Levels and vault maps discovered:
D:1:      sevenhm_arrival_forest_fort_large_4, layout_loops_ring,
          chequers_ecumenical_altar_simple_redux, nrook_campfire
D:2:      layout_basic, basic_altar, hex_medium, chequers_serial_rivers_micro_b,
          hex_intersection, minmay_hedge_maze, minmay_gold_behind_fungi
D:3:      layout_loops_corners, mainiacjoe_overflow_chevrons, serial_shops,
          shop, minmay_three_crescents
D:4:      layout_basic, chequers_serial_rivers_small_a,
          minmay_a_box_with_orc_wizards_in_it, uniq_pikel
D:5:      layout_basic, uniq_blork_the_orc, uniq_ijyb
D:6:      layout_cave_pools, mainiacjoe_overflow_tiny_flanked,
          nicolae_overflow_squiral, minmay_temple_entry_enclosed_plants,
          nicolae_shop_sticking_my_neck_out, uniq_maggie, uniq_grinder
D:7:      layout_rooms, nicolae_hepliaklqana_monster_ancestors, grunt_tough_drop
D:8:      cheibrodos_helix_gallery, layout_loops_ring, marbit_many_paths,
          lemuel_round_altar
D:9:      layout_irregular_city, kennysheep_little_box, water_boxes_lemuel,
          uniq_maurice
D:10:     layout_basic, vehumet_crystals, david_lair_generic,
          nicolae_trove_entry_path_of_doom
D:11:     layout_roguey, david_orc_1_choice, feat_on_display, uniq_gastronok,
          uniq_sonja
D:12:     layout_loops_ring, serial_shops, shop, dreamdust_princess_corridor,
          uniq_psyche
D:13:     layout_basic, gauntlet_entry_generic, serial_shops,
          nicolae_lakefront_shop, nicolae_take_the_stairs,
          nicolae_shop_advertising_works [nicolae_subvault_shop_adworks],
          shop_statue, chequers_serial_rivers_room_b, minivault_12
Temple:   hellmonk_temple_divided_pantheon
Gauntlet: gammafunk_gauntlet_mixed_choke_point
          [minmay_gauntlet_arena_77_two_paths, minmay_gauntlet_arena_77_museum,
          minmay_gauntlet_arena_77_radiant_squares,
          nicolae_gauntlet_arena_quarters,
          minmay_gauntlet_arena_77_broken_ladder, minmay_gauntlet_arena_77_path,
          minmay_gauntlet_arena_77_chump_sandwich,
          dreamdust_gauntlet_exit_labyrinth]

Skill      XL: |  1  2  3  4  5  6  7  8  9 10 11 12 |
---------------+-------------------------------------+-----
Stealth        | 6 7 8 11 12 13 14 17 20 | 20.9
Short Blades   | 3 5 6 7 8 9 10 | 10.8
Dodging        | 3 8 10 | 10.1
Throwing       | 6 10 11 | 11.9
Fighting       | 2 |  2.4

Action                   |  1- 3 |  4- 6 |  7- 9 | 10-12 || total
-------------------------+-------+-------+-------+-------++-------
Melee: Dagger            |   113 |    31 |    61 |       ||   205
       Short sword       |       |       |   267 |   468 ||   735
       Punch             |       |       |     5 |     7 ||    12
Throw: Stone             |    18 |     5 |    34 |       ||    57
       Dart              |       |    20 |    65 |    41 ||   126
       Boomerang         |       |       |    21 |   162 ||   183
Invok: Curse Item        |       |       |     1 |     3 ||     4
       Shatter the Chain |       |       |       |     1 ||     1
Evoke: Wand              |       |       |       |     3 ||     3
  Use: Potion            |       |       |     1 |     2 ||     3
       Scroll            |       |       |       |     2 ||     2
 Stab: Sleeping          |    19 |     3 |    17 |    37 ||    76
       Distracted        |       |       |       |     1 ||     1
Armor: Robe              |     5 |     2 |    13 |     8 ||    28
       Troll leather arm |       |       |       |    12 ||    12
       Acid dragon scale |       |       |       |     2 ||     2
Dodge: Dodged            |    49 |     7 |   164 |   291 ||   511
Block: Other             |     6 |     5 |     5 |       ||    16

Table legend: (Time is in decaauts)
 A = Elapsed time spent in this place.
 B = Non-inter-level travel time spent in this place.
 C = Inter-level travel time spent in this place.
 D = Time resting spent in this place.
 E = Time spent auto-exploring this place.
 F = Levels seen in this place.
 G = Mean time per level.
                   A        B        C        D        E       F      G
               +--------+--------+--------+--------+--------+-----+--------+
         Total |   8528 |   8102 |    426 |    789 |   4222 |  15 |  568.5 |
       Dungeon |   8361 |   7935 |    426 |    789 |   4221 |  13 |  643.2 |
        Temple |     27 |     27 |      0 |      0 |      0 |   1 |   27.0 |
      Gauntlet |    139 |    139 |      0 |      0 |      0 |   1 |  139.0 |
               +--------+--------+--------+--------+--------+-----+--------+

Top non-repeatable levels by time:
     D:4: 1006 daAuts
     D:5: 828 daAuts
     D:8: 819 daAuts
     D:9: 757 daAuts
    D:10: 727 daAuts
     D:2: 687 daAuts
    D:11: 645 daAuts
     D:3: 628 daAuts
     D:6: 611 daAuts
     D:7: 505 daAuts
     D:1: 485 daAuts
    D:12: 455 daAuts
    D:13: 204 daAuts
Gauntlet: 139 daAuts
  Temple: 27 daAuts
